 Dungeon Crawl Stone Soup version 0.29.1-1-gd02db6906a (webtiles) character file.

Game seed: 3407142334317550306

59 fireball365 the Digger (level 3, -1/26 HPs)
             Began as a Demigod Earth Elementalist on Oct 5, 2022.
             Slain by a gnoll
             ... wielding a +3 whip
              (3 damage)
             ... on level 2 of the Dungeon.
             The game lasted 00:05:21 (1412 turns).

fireball365 the Digger (Demigod Earth Elementalist) Turns: 1412, Time: 00:05:24

Health: -1/26      AC:  5    Str: 13    XL:     3   Next: 54%
Magic:  3/9        EV: 11    Int: 17    God:
Gold:   94         SH:  0    Dex: 14    Spells: 5/6 levels left

rFire   . . .      SeeInvis .   g - +0 whip
rCold   . . .      Faith    .   (no shield)
rNeg    . . .      Spirit   .   c - +0 ring mail
rPois   .          Reflect  .   (no helmet)
rElec   .          Harm     .   (no cloak)
rCorr   .          Rampage  .   (no gloves)
Will    .....                   (no boots)
Stlth   +.........              (no amulet)
HPRegen 0.08/turn               (no ring)
MPRegen 0.11/turn               (no ring)

@: no status effects
A: high MP 1, forlorn, divine attributes
a: no special abilities


You were on level 2 of the Dungeon.
You visited 1 branch of the dungeon, and saw 2 of its levels.

You collected 94 gold pieces.

Inventory:

Hand Weapons
 d - a +0 short sword
 g - a +0 whip (weapon)
Missiles
 e - 14 stones
Armour
 a - a +0 robe
 c - a +0 ring mail (worn)
Scrolls
 f - a scroll of identify {unknown}
 i - a scroll of immolation {unknown}
Potions
 b - 2 potions of magic
 h - a potion of curing {unknown}


   Skills:
 + Level 0.1 Fighting
 + Level 1.0 Armour
 + Level 2.0 Dodging
 + Level 2.0 Stealth
 + Level 2.3 Spellcasting
 + Level 0.8 Transmutations
 + Level 3.4 Earth Magic


You had 5 spell levels left.
You knew the following spells:

 Your Spells              Type           Power      Damage    Failure   Level
a - Sandblast             Erth           26%        2d8       10%         1

Your spell library contained the following spells:

 Spells                   Type           Power      Damage    Failure   Level
 Passwall                 Tmut/Erth      7%         N/A       26%         2
 Stone Arrow              Conj/Erth      14%        3d7       52%         3
 Petrify                  Tmut/Erth      9%         N/A       86%         4


Dungeon Overview and Level Annotations

Branches:
Dungeon (2/15)


Innate Abilities, Weirdness & Mutations

You have an increased reservoir of magic. (+10% MP)
You shall have no god before yourself.
Your divine heritage dramatically boosts your attributes as you level up.


Message History

The gnoll is severely wounded.
The gnoll hits you with a +0 flail. x2
The blast of sand hits the gnoll.
The gnoll is almost dead.
The gnoll hits you with a +0 flail!
* * * LOW HITPOINT WARNING * * *
You are too injured to fight recklessly!
You are too injured to fight recklessly!
You are too injured to fight recklessly!
You are too injured to fight recklessly!
The gnoll barely misses you.
You are too injured to fight recklessly!
You are too injured to fight recklessly!
You are too injured to fight recklessly!
Casting: Sandblast (safe; 10% risk of failure)
Confirm with . or Enter, or press ? or * to list all spells.
Aiming: Sandblast (safe; 10% risk of failure)
Press: ? - help, Shift-Dir - straight line, f - gnoll, p - gnoll
Aim: a gnoll, wielding a +0 club (84% to hit)
The blast of sand hits the gnoll!
You kill the gnoll!
The gnoll completely misses you.
Your magical contamination has completely faded away.
Your Dodging skill increases to level 2!
Casting: Sandblast (safe; 10% risk of failure)
Confirm with . or Enter, or press ? or * to list all spells.
Aiming: Sandblast (safe; 10% risk of failure)
Press: ? - help, Shift-Dir - straight line, f/p - gnoll
Aim: a gnoll, wielding a +0 club (84% to hit)
The blast of sand hits the gnoll.
The gnoll is moderately wounded.
Casting: Sandblast (safe; 10% risk of failure)
Confirm with . or Enter, or press ? or * to list all spells.
Aiming: Sandblast (safe; 10% risk of failure)
Press: ? - help, Shift-Dir - straight line, f - gnoll, p - gnoll
Aim: a gnoll, wielding a +3 whip (moderately wounded, 84% to hit)
The blast of sand misses the gnoll.
The gnoll hits you with a +3 whip.
* * * LOW HITPOINT WARNING * * *
The gnoll hits you with a +3 whip.
You die...

#.##...# .
####.##...##... .
...............
..####..#.####...
..#.....#.....###
........#.###.#
....._........#
###.....###########
................@g#
#################g#
#.# #.# #.# #.# #.#
#.#


You could see 2 gnolls.

Vanquished Creatures
  A gnoll (D:2)
  2 adders (D:2)
  3 ball pythons
  7 bats
  5 goblins (D:1)
  2 hobgoblins (D:1)
  6 kobolds
  2 quokkas (D:1)
  A rat (D:1)
29 creatures vanquished.

Notes
Turn   | Place    | Note
-------+----------+-------------------------------------------
     0 | D:1      | fireball365 the Demigod Earth Elementalist began the quest
                  | for the Orb.
     0 | D:1      | Reached XP level 1. HP: 14/14 MP: 5/5
    69 | D:1      | Reached skill level 3 in Earth Magic
   210 | D:1      | Reached XP level 2. HP: 20/20 MP: 5/7
  1149 | D:2      | Reached XP level 3. HP: 26/26 MP: 5/8
  1255 | D:2      | Reached skill level 1 in Armour
  1412 | D:2      | Slain by a gnoll

Illustrated notes

Levels and vault maps discovered:
D:1:      lemuel_arrival_room, layout_basic
D:2:      minmay_chambers_of_ones, layout_basic, basic_altar, st_stairs_3

Skill      XL: |  1  2  3 |
---------------+----------+-----
Earth Magic    | 3 |  3.4
Spellcasting   | 2 |  2.3
Armour         | 1 |  1.0
Stealth        | 2 |  2.0
Dodging        | 2 |  2.0
Fighting       | |  0.1
Transmutations | |  0.8

Action                   || total
-------------------------++-------
Melee: Short sword       ||     5
       Whip              ||     5
 Cast: Sandblast         ||    43
Armor: Ring mail         ||    16
Dodge: Dodged            ||    35
